Map: Ever Dream LE

Players

HeroMarine

  • Race: Terran Terran
  • Spawn Location: 1:00

Neeblet (Neeb) - Winner!

  • Race: Protoss Protoss
  • Spawn Location: 7:00

Event: StayAtHomestory Cup #1

VOD

Have the link to the VOD?

Description

Time

  • Played on: April 11, 2020, 9:07 a.m.
  • Length: 11:35

All games in this series

Show
View Real Time Build Order
Export as new Build Order

HeroMarine Terran 

Build Orders: Reaper Expand 

Get SALT Encoding   

  12  0:00  SCV  
  13  0:12  SCV  
  14  0:17  Supply Depot  
  14  0:24  SCV  
  15  0:38  SCV  
  15  0:40  Barracks  
  16  0:43  Refinery  
  16  0:50  SCV  
  17  1:02  SCV  
  18  1:15  SCV  
  19  1:28  Reaper, Orbital Command  
  20  1:45  Command Center  
  20  1:49  Supply Depot  
  21  1:54  SCV  
  21  1:57  Refinery  
  21  2:00  Barracks Reactor  
  21  2:06  SCV  
  22  2:18  SCV  
  22  2:20  Factory  
  23  2:30  SCV  
  23  2:36  Marine  
  23  2:37  Marine  
  25  2:42  SCV  
  27  2:54  SCV, Marine x2  
  27  2:57  Orbital Command  
  30  3:06  SCV  
  30  3:07  Starport, Factory Tech Lab  
  30  3:12  Marine x2  
  32  3:18  SCV  
  34  3:23  SCV  
  34  3:25  Supply Depot  
  35  3:28  Cyclone  
  35  3:30  Marine x2  
  35  3:31  SCV  
  41  3:35  SCV  
  42  3:43  SCV  
  42  3:45  Medivac  
  42  3:47  SCV  
  48  3:55  SCV  
  49  3:56  Supply Depot  
  49  3:59  SCV  
  49  4:00  Siege Tank  
  51  4:04  Command Center  
  51  4:09  SCV  
  52  4:11  SCV, Marine  
  54  4:17  Marine, Liberator  
  54  4:21  SCV, Supply Depot  
  54  4:24  SCV  
  60  4:29  Marine  
  61  4:33  SCV  
  62  4:39  Supply Depot  
  62  4:43  SCV, Marine, Siege Tank  
  67  4:46  SCV  
  67  4:47  Marine  
  69  4:55  SCV  
  69  4:57  Barracks  
  69  4:59  Barracks  
  70  5:00  Marine  
  70  5:01  SCV  
  70  5:06  Refinery  
  72  5:07  SCV, Supply Depot  
  72  5:08  Refinery  
  72  5:10  Starport Tech Lab  
  72  5:12  Marine  
  72  5:13  SCV  
  75  5:17  Orbital Command  
  75  5:18  Marine  
  75  5:19  SCV  
  77  5:25  SCV  
  78  5:28  Engineering Bay  
  78  5:30  Marine  
  78  5:31  SCV, Engineering Bay  
  78  5:34  Factory Reactor  
  80  5:37  SCV  
  81  5:43  SCV, Starport Reactor  
  81  5:49  SCV  
  83  5:56  SCV  
  84  5:58  Stimpack, Terran Infantry Weapons Level 1, Terran Infantry Armor Level 1  
  84  6:01  SCV, Marauder x2, Marine, Barracks  
  84  6:02  Orbital Command, Marine  
  91  6:04  Barracks  
  91  6:08  SCV  
  91  6:10  Supply Depot  
  92  6:13  SCV, Supply Depot  
  93  6:20  SCV, Combat Shield  
  93  6:22  Marauder x2  
  98  6:25  SCV  
  98  6:28  Supply Depot  
  98  6:31  SCV, Refinery, Factory Tech Lab  
  98  6:32  SCV  
  101  6:33  Refinery  
  101  6:38  SCV  
  101  6:42  Medivac  
  101  6:43  SCV  
  101  6:44  SCV, Medivac, Marauder x2  
  111  6:50  SCV  
  111  6:52  Siege Tank  
  115  6:55  SCV  
  115  6:56  SCV, Barracks Tech Lab  
  117  7:01  Marine x2  
  117  7:02  SCV, Marine x2  
  117  7:05  Marauder x2  
  117  7:07  SCV  
  125  7:12  Bunker  
  125  7:14  SCV x2  
  125  7:15  Marauder  
  129  7:19  Marine x2  
  129  7:20  Medivac  
  132  7:23  Medivac  
  132  7:24  SCV  
  132  7:26  Marauder  
  123  7:31  Marine  
  123  7:32  Marine  
  123  7:34  Marine  
  123  7:36  Marine  
  110  7:38  Marine  
  96  7:48  Marauder  
  96  7:49  Marine  
  90  7:51  SCV x3  
  90  7:53  Marauder  
  90  7:54  Marauder  
  90  7:56  Marine  
  88  8:03  SCV x2  
  88  8:04  SCV  
  91  8:09  Marauder  
  92  8:14  Marauder  
  92  8:15  SCV  
  92  8:16  SCV x2, Siege Tank, Marauder, Liberator  
  92  8:17  Liberator  
  108  8:22  Marine x2  
  108  8:23  Marine x2  
  112  8:28  SCV x3  
  112  8:33  Supply Depot  
  115  8:35  Marauder  
  115  8:36  Marauder  
  115  8:37  Marauder  
  115  8:40  SCV x2, Supply Depot  
  124  8:41  Concussive Shells  
  124  8:49  Siege Tank  
  124  8:50  Marine x2  
  124  8:51  Marine x2  
  130  8:55  Supply Depot  
  130  8:58  Marauder x2, Liberator  
  130  8:59  Marauder  
  130  9:02  Liberator  
  142  9:04  Supply Depot  
  142  9:08  Marine  
  143  9:10  Marine x3  
  143  9:19  SCV, Marauder x2  
  143  9:20  SCV x2, Marauder  
  112  9:34  Siege Tank  
  112  9:36  Marine x3  
  112  9:37  Refinery  
  117  9:40  Marauder  
  117  9:41  Viking, Marauder x2  
  117  9:42  Ghost Academy  
  117  9:45  Viking  
  127  9:49  SCV x3  
  127  9:51  Marine  
  131  9:53  Armory  
  131  9:57  Marine x3  
  137  10:11  Viking, Command Center  
  137  10:12  Ghost x2  
  140  10:15  Viking, Ghost  
  140  10:19  Marine x3  
  140  10:20  Marine  
  147  10:29  Siege Tank  
  153  10:41  Marine  
  150  10:44  Marine x2  
  150  10:46  Ghost  
  150  10:49  Marine x3  
  147  10:59  Marine  
  147  11:02  Marine x2  
  149  11:07  Marauder x2, Marine  
  147  11:15  Marine  
  148  11:19  Supply Depot  
Show
View Real Time Build Order
Export as new Build Order

Neeblet Protoss - Winner!

Build Orders: 1 Gate Expand, Oracle Opening, Colossus Rush 

Get SALT Encoding   

  12  0:00  Probe  
  13  0:12  Probe  
  14  0:17  Pylon  
  14  0:25  Probe (Chrono Boost)  
  16  0:37  Probe (Chrono Boost), Gateway  
  16  0:42  Probe (Chrono Boost)  
  16  0:46  Assimilator  
  17  0:51  Probe  
  18  1:03  Probe  
  19  1:15  Probe  
  20  1:22  Nexus  
  20  1:32  Cybernetics Core  
  20  1:35  Probe  
  21  1:42  Assimilator  
  22  1:47  Probe  
  22  1:49  Pylon  
  22  1:59  Probe (Chrono Boost)  
  23  2:05  Adept (Chrono Boost)  
  26  2:08  Warp Gate  
  26  2:09  Probe (Chrono Boost)  
  26  2:14  Probe (Chrono Boost)  
  27  2:25  Probe  
  27  2:28  Sentry (Chrono Boost)  
  30  2:34  Probe  
  31  2:37  Probe  
  31  2:39  Robotics Facility  
  31  2:43  Oracle  
  32  2:46  Probe, Stalker (Chrono Boost)  
  32  2:49  Probe  
  36  2:58  Probe  
  37  3:01  Probe  
  37  3:04  Gateway  
  38  3:06  Gateway  
  38  3:09  Pylon  
  38  3:10  Probe (Chrono Boost)  
  39  3:17  Probe (Chrono Boost)  
  40  3:23  Probe (Chrono Boost)  
  40  3:24  Assimilator  
  40  3:26  Assimilator  
  42  3:29  Probe (Chrono Boost)  
  42  3:30  Probe (Chrono Boost), Observer (Chrono Boost)  
  44  3:35  Pylon  
  44  3:38  Probe  
  44  3:39  Probe  
  46  3:48  Observer (Chrono Boost)  
  47  3:50  Probe  
  47  3:51  Probe  
  49  3:56  Robotics Bay  
  49  4:02  Probe, Observer (Chrono Boost)  
  51  4:03  Probe  
  51  4:07  Stalker  
  51  4:09  Pylon  
  54  4:14  Probe  
  55  4:20  Probe  
  55  4:21  Immortal (Chrono Boost)  
  60  4:26  Stalker  
  60  4:28  Stalker  
  64  4:31  Probe  
  64  4:33  Probe, Pylon  
  64  4:34  Observer  
  66  4:47  Nexus  
  66  4:48  Stalker  
  66  4:49  Observer  
  68  4:53  Colossus (Chrono Boost)  
  68  4:57  Probe  
  68  4:58  Probe  
  75  5:02  Pylon  
  75  5:08  Twilight Council  
  75  5:11  Probe  
  75  5:12  Extended Thermal Lance  
  76  5:17  Observer  
  76  5:20  Pylon  
  76  5:22  Probe  
  76  5:25  Pylon  
  77  5:29  Gateway  
  77  5:32  Gateway  
  77  5:39  Charge (Chrono Boost)  
  77  5:40  Colossus (Chrono Boost)  
  83  5:53  Gateway  
  83  5:55  Sentry, Gateway  
  85  5:58  Gateway  
  85  6:03  Gateway  
  85  6:06  Probe x3  
  85  6:11  Zealot  
  91  6:18  Probe x2  
  91  6:22  Warp Prism (Chrono Boost)  
  91  6:24  Probe  
  95  6:26  Zealot x2  
  95  6:30  Pylon  
  95  6:31  Observer  
  99  6:43  Zealot x3  
  99  6:46  Pylon, Templar Archives  
  105  6:48  Probe  
  105  6:49  Probe x2  
  105  6:53  Zealot x2  
  105  6:54  Zealot  
  114  7:09  Stalker x2  
  114  7:10  Stalker x2  
  114  7:11  Stalker  
  114  7:13  Zealot  
  114  7:14  Zealot x2  
  130  7:19  Probe x2  
  132  7:26  Probe  
  119  7:33  Zealot x4  
  119  7:34  Zealot x3  
  119  7:36  Probe  
  124  7:40  Probe  
  99  7:52  Probe  
  99  7:54  Probe  
  99  7:58  Colossus (Chrono Boost)  
  91  8:03  Probe  
  86  8:06  Forge, Observer  
  86  8:07  Sentry, Zealot  
  86  8:08  Zealot x6, Forge  
  98  8:12  Assimilator  
  98  8:13  Assimilator  
  98  8:19  Zealot  
  100  8:32  Protoss Ground Weapons Level 1 (Chrono Boost)  
  100  8:34  High Templar x3  
  100  8:35  Warp Prism, Zealot, Protoss Ground Armor Level 1 (Chrono Boost), High Templar x3  
  100  8:36  Zealot  
  100  8:39  Archon x2  
  100  8:40  Archon  
  116  8:41  Nexus  
  118  8:50  Pylon  
  118  8:56  Stalker x3  
  124  9:08  Zealot, High Templar x2  
  124  9:09  Zealot x3  
  136  9:13  Archon  
  110  9:25  Probe  
  110  9:31  Zealot x5  
  109  9:37  Colossus (Chrono Boost)  
  113  9:39  Unknown  
  113  9:42  Sentry, Zealot, High Templar x2  
  127  9:46  Archon  
  127  9:50  Gateway  
  127  9:51  Gravitic Drive (Chrono Boost)  
  127  9:52  Gateway  
  127  10:04  Probe x4  
  127  10:05  Pylon  
  131  10:14  Pylon x2  
  131  10:16  Probe  
  132  10:22  Zealot x2  
  132  10:24  Warp Prism  
  137  10:30  Pylon  
  137  10:35  Zealot x6  
  131  10:54  High Templar x4  
  131  10:56  Zealot, High Templar x2  
  137  10:57  Zealot x4  
  137  11:01  Archon x2  
  137  11:02  Archon  
  146  11:18  Zealot x5  
  142  11:26  Zealot x4  
Tags
 
Add a new tag
Caveats
  • Supply blocks, unpowered buildings, or Contaminate may cause inaccurate times.
  • Supply counts are checked every 10 seconds.